 Dungeon Crawl Stone Soup version 0.30-a0-715-gdb4ae3ece1 (webtiles) character file.

Game seed: 3698036130454821477

58 KarmaKiller the Slasher (level 4, 0/42 HPs)
             Began as a Naga Berserker on Jan 23, 2023.
             Was a Follower of Trog.
             Slain by a gnoll
             ... wielding a +0 halberd
              (7 damage)
             ... on level 2 of the Dungeon on Jan 24, 2023.
             The game lasted 00:06:40 (1264 turns).

KarmaKiller the Slasher (Naga Berserker)            Turns: 1264, Time: 00:06:41

Health: 0/42       AC:  4    Str: 21    XL:     4   Next: 1%
Magic:  4/4        EV:  9    Int:  8    God:    Trog [*.....]
Gold:   64         SH:  5    Dex: 10    Spells: 3/3 levels left

rFire   . . .      SeeInvis +    a - +0 falchion
rCold   . . .      Faith    .    (no shield)
rNeg    . . .      Spirit   .    i - +0 ring mail
rPois   +          Reflect  +    (no helmet)
rElec   .          Harm     .    (no cloak)
rCorr   .          Rampage  .    (no gloves)
Will    +....                    (no barding)
Stlth   +                        g - amulet of reflection
HPRegen 0.27/turn                d - ring of willpower
MPRegen 0.09/turn                (no ring)

@: on berserk cooldown, slowed, very slow
A: AC +1, large, see invisible, deformed body, poison resistance, slowness 2,
spit poison 1, naga tail 1
a: Spit Poison, Renounce Religion, Berserk


You were on level 2 of the Dungeon.
You worshipped Trog.
Trog was aware of your devotion.
You visited 1 branch of the dungeon, and saw 2 of its levels.

You collected 64 gold pieces.

Inventory:

Hand Weapons
 a - a +0 falchion (weapon)
 l - a +2 dagger of venom
Missiles
 c - 5 poisoned darts
Armour
 b - a +0 animal skin
 i - a +0 ring mail (worn)
Jewellery
 d - a ring of willpower (left hand)
 g - an amulet of reflection (around neck)
Scrolls
 f - a scroll of magic mapping {unknown}
 k - a scroll of silence {unknown}
Potions
 e - a potion of curing
 h - a potion of might
 j - a potion of flight {unknown}


   Skills:
 + Level 3.5 Fighting
 + Level 3.8 Long Blades
 + Level 1.8 Armour
 + Level 1.7 Dodging
 + Level 1.6 Stealth


You had 3 spell levels left.
You didn't know any spells.
Your spell library was empty.

Dungeon Overview and Level Annotations

Branches:
Dungeon (2/15)

Altars:


Innate Abilities, Weirdness & Mutations

Your serpentine skin is tough. (AC +1)
You have supernaturally acute eyesight. (SInv)
Armour fits poorly on your strangely shaped body.
Your system is resistant to poisons. (rPois)
You cover ground very slowly.
You can spit poison.
You have a snake-like lower body.


Message History

You feel yourself moving faster!
You feel mighty!
The gnoll hits you from afar with a +0 spear.
A gnoll comes into view. It is wielding a +0 spear.
You feel a strong urge to attack something.
The gnoll hits you but does no damage. You block the gnoll's attack.
You slash the gnoll!
The gnoll is heavily wounded.
The gnoll looks more healthy.
A gnoll comes into view. It is wielding a +0 halberd.
The gnoll hits you with a +0 spear.
You closely miss the gnoll.
The gnoll is heavily wounded.
You hit the gnoll.
The gnoll is severely wounded.
The gnoll hits you but does no damage.
You hit the gnoll.
The gnoll is almost dead.
The gnoll hits you with a +0 spear.
You slash the gnoll!
You kill the gnoll!
Trog accepts your kill.
You slash the endoplasm!
You kill the endoplasm!
Trog accepts your kill.
You have reached level 4!
You feel clever.
You are no longer berserk.
You are exhausted.
You feel yourself slow down. You block the gnoll's attack.
The gnoll barely misses you.
Things that are here:
a +0 spear; a gnoll corpse You hit the gnoll.
The gnoll is heavily wounded.
The gnoll hits you from afar with a +0 halberd! x2
* * * LOW HITPOINT WARNING * * *
You block the gnoll's attack. The gnoll barely misses you.
The gnoll hits you from afar with a +0 halberd!
You die...

####.#####.####..>#..gP.
...†................P...
##.....#.#...#.......PJ.
#......#..........#....
#.....###.........(....
#......#...)....g.#####
####<##.#...#.ggg.#
#.##.##.####g###
#.##.##.####@#
#.##.....?...#
#.#####.###### #.#####.#
#.......# #########


You could see 5 gnolls.

Vanquished Creatures
  A gnoll (D:2)
  An adder (D:2)
  A worm (D:2)
  2 dart slugs (D:1)
  6 ball pythons
  4 bats (D:1)
  2 endoplasms
  2 giant cockroaches (D:1)
  3 goblins
  3 hobgoblins
  A quokka (D:1)
  A frilled lizard (D:1)
  A kobold (D:1)
  2 rats
30 creatures vanquished.

Vanquished Creatures (others)
  6 plants (D:2)
6 creatures vanquished.

Grand Total: 36 creatures vanquished

Notes
Turn   | Place    | Note
-------+----------+-------------------------------------------
     0 | D:1      | KarmaKiller the Naga Berserker began the quest for the Orb.
     0 | D:1      | Reached XP level 1. HP: 21/21 MP: 1/1
   114 | D:1      | Reached XP level 2. HP: 14/28 MP: 2/2
   313 | D:1      | Found a faded altar of an unknown god.
   745 | D:1      | Reached XP level 3. HP: 34/34 MP: 3/3
  1082 | D:2      | Reached skill level 1 in Stealth
  1263 | D:2      | Reached XP level 4. HP: 37/42 MP: 4/4
  1264 | D:2      | Slain by a gnoll

Illustrated notes

Levels and vault maps discovered:
D:1:      lemuel_arrival_behind_the_door_large, layout_basic,
          ebering_ecumenical_altar_abandoned, st_stairs_8, minmay_heptomino_l4
D:2:      cheibrodos_pilgrimage, layout_loops_ring,
          chequers_serial_rivers_small_3, nicolae_grassy_gnolls

Skill      XL: |  1  2  3 |
---------------+----------+-----
Stealth        | 1 |  1.6
Fighting       | |  3.5
Long Blades    | |  3.8
Armour         | |  1.8
Dodging        | |  1.7

Action                     |  1- 3 |  4- 6 || total
---------------------------+-------+-------++-------
  Melee: Falchion          |    75 |     1 ||    76
         Punch             |     2 |       ||     2
 Invoke: Berserk           |     5 |       ||     5
Ability: Spit Poison       |    12 |       ||    12
    Use: Scroll            |     2 |       ||     2
         Potion            |     1 |       ||     1
 Armour: Animal skin       |     3 |       ||     3
         Leather armour    |     3 |       ||     3
         Ring mail         |    13 |       ||    13
  Dodge: Dodged            |    40 |     2 ||    42
  Block: Other             |    18 |     2 ||    20

Table legend: (Time is in decaauts)
 A = Elapsed time spent in this place.
 B = Non-inter-level travel time spent in this place.
 C = Inter-level travel time spent in this place.
 D = Time resting spent in this place.
 E = Time spent auto-exploring this place.
 F = Levels seen in this place.
 G = Mean time per level.
                   A        B        C        D        E       F      G
               +--------+--------+--------+--------+--------+-----+--------+
         Total |   1649 |   1649 |      0 |    290 |      0 |   2 |  824.5 |
       Dungeon |   1649 |   1649 |      0 |    290 |      0 |   2 |  824.5 |
               +--------+--------+--------+--------+--------+-----+--------+

Top non-repeatable levels by time:
     D:1: 1364 daAuts
     D:2: 285 daAuts
